Workbook
Name Dbt: 'General Info'!$U$5:$U$6
Name Diff12: 'General Info'!$T$5:$T$8
Name Diff15: 'General Info'!$Y$1:$Y$5
Name Diff18: 'General Info'!$Z$1:$Z$6
Name Eqt: 'General Info'!$T$5:$T$8

Sheet Index
E6: XBRL Excel Utility
E7: 1. | F7: Overview
E8: 2. | F8: Before you begin
E9: 3. | F9: Index
E10: 4. | F10: Import XBRL file
E11: 5. | F11: Steps for filing - Financial Results - Ind AS Format
E12: 6. | F12: Fill up the data in excel utility
D15: 1. Overview
D16: The excel utility can be used for creating the XBRL/XML file for efiling of Financial Results
D17: XBRL filling consists of two processes. Firstly generation of XBRL/XML file and upload of generated XBRL/XML file to BSE Listing Center Website (www.listing.bseindia.com) .
D20: 2. Before you begin
D21: 1. The version of Microsoft Excel in your system should be Microsoft Office Excel 2007 and above.
D22: 2. The system should have a file compression software to unzip excel utility file.
D23: 3. Make sure that you have downloaded the latest Excel Utility from BSE Website to your local system.
D24: 4. Make sure that you have downloaded the Chrome Browser to view report generated from Excel utility
D25: 5. Please enable the Macros (if disabled) as per instructions given in manual, so that all the functionalities of Excel Utility works fine. Please first go through Enable Macro - Manual attached with zip file.
D28: 3. Index
D29: 1 | E29: Details of general information about company | J29: General Info
D30: 2 | E30: Financial Result By Companies Other than Banks | J30: Quarterly
D31: 3 | E31: Statement of Asset and Liabilities | J31: Asset Liabilities
D32: 4 | E32: Format of Reporting of Segment wise Revenue, Result and Capital Employed along with the quartely results | J32: Segment
D33: 5 | E33: OCI (Other Comprehensive Income) | J33: OCI
D36: 4. Import XBRL file
D37: 1. Now you can import and view previously generated XBRL files by clicking Import XBRL button on Genenral information sheet.
D40: 5. Steps for Filing Of Financial Results
D41: I. Fill up the data: Navigate to each field of every section in the sheet to provide applicable data in correct format. (Formats will get reflected while filling data.) - Use paste special command to paste data from other sheet.
D42: II. Validating Sheets: Click on the ''Validate " button to ensure that the sheet has been properly filled and also data has been furnished in proper format. If there are some errors on the sheet, excel utility will prompt you about the same.
D43: III. Validate All Sheets: Click on the ''Home" button. And then click on "Validate All Sheet" button to ensure that all sheets has been properly filled and validated successfully. If there are some errors on the sheet, excel utility will prompt you about the same and stop validation at the same time. After correction, once again follow the same procedure to validate all sheets.
D44: Excel Utility will not allow you to generate XBRL/XML until you rectify all errors.
D45: IV. Generate XML : Excel Utility will not allow you to generate XBRL/XML unless successful validation of all sheet is completed. Now click on 'Generate XML'' to generate XBRL/XML file. - Save the XBRL/XML file in your desired folder in local system.
D46: V. Generate Report : Excel Utility will allow you to generate Report. Now click on 'Generate Report'' to generate html report. - Save the HTML Report file in your desired folder in local system. - To view HTML Report open "Chrome Web Browser" . - To print report in PDF Format, Click on print button and save as PDF.
D47: VI. Upload XML file to BSE Listing Center: For uploading the XBRL/XML file generated through Utility, login to BSE Listing Center and upload generated xml file. On Upload screen provide the required information and browse to select XML file and submit the XML.
D50: 6. Fill up the data in excel utility
D51: 1. Cells with red fonts indicate mandatory fields.
... D57: 7. Adding Notes: Click on "Add Notes" button to add notes

Sheet General Info
R1: SME | S1: Non SME | Y1: First quarter | Z1: First quarter | AA1: Declaration of unmodified opinion
R2: Actual | T2: Audited | Y2: Half yearly | Z2: Half yearly | AA2: Statement on impact of audit qualification
Q3: Consolidated | R3: Thousands | T3: Unaudited | Y3: Third quarter | Z3: Third quarter | AA3: Not applicable
E4: *Validate General Information to open other sheets | Q4: Standalone | R4: Lakhs | S4: Single segment | Y4: Fourth quarter | Z4: Fourth quarter
D5: General information about company | R5: Millions | S5: Multi segment | T5: First quarter | U5: Half yearly | Y5: Yearly | Z5: Fifth quarter
D6: Scrip code | E6: 531676 | R6: Billions | S6: Geographical | T6: Half yearly | U6: Yearly | Z6: Yearly
D7: NSE Symbol | R7: Crores | T7: Third quarter
D8: MSEI Symbol | T8: Yearly | U8: Yes | V8: Cash Flow Direct
D9: ISIN* | E9: INE554H01021 | U9: No | V9: Cash Flow Indirect
D10: Name of company | E10: VAGHANI TECHNO-BUILD LIMITED | O10: Equity
D11: Type of company | O11: Debt securities and/or non-cumulative redeemable preference shares | Q11: 00
D12: Class of security | E12: Equity | O12: Equity and Debt | Q12: 01 | R12: 01 | S12: 2014 | Z12: 12
D13: Date of start of financial year | E13: 01 | F13: 04 | G13: 2020 | Q13: 02 | R13: 02 | S13: 2015
D14: Date of end of financial year | E14: 31 | F14: 03 | G14: 2021 | Q14: 03 | R14: 03 | S14: 2016
D15: Date of board meeting when results were approved | E15: 29 | F15: 01 | G15: 2022 | Q15: 04 | R15: 04 | S15: 2017
D16: Date on which prior intimation of the meeting for considering financial results was informed to the exchange | E16: 18 | F16: 01 | G16: 2022 | Q16: 05 | R16: 05 | S16: 2018
D17: Description of presentation currency | E17: INR | Q17: 06 | R17: 06 | S17: 2019
D18: Level of rounding used in financial results | E18: Lakhs | F18: Reporting only in "Lakhs", "Millions", "Billions", "Crores" Allowed | Q18: 07 | R18: 07 | S18: 2020 | Z18: =IF($E$12=$O$11,Dbt,IF($Z$12=15,Diff15,IF($Z$12=18,Diff18,IF($Z$12<=12,Diff12,Eqt)))) -> #VALUE!
D19: Reporting Quarter | E19: Third quarter | Q19: 08 | R19: 08 | S19: 2021
D20: Nature of report standalone or consolidated | E20: Standalone | Q20: 09 | R20: 09 | S20: 2022
D21: Whether results are audited or unaudited | E21: Unaudited | F21: For Current Quarter Only | Q21: 10 | R21: 10 | S21: 2023
D22: Segment Reporting | E22: Single segment | Q22: 11 | R22: 11 | S22: 2024
D23: Description of single segment | E23: NA | Q23: 12 | R23: 12 | S23: 2025
D24: Start date and time of board meeting | E24: 29-01-2022 | F24: 04 | G24: 00 | H24: HH:MM | Q24: 13 | S24: 2026 | Z24: Start date of board meeting
D25: End date and time of board meeting | E25: 29-01-2022 | F25: 04 | G25: 30 | H25: HH:MM | Q25: 14 | S25: 2027 | Z25: End date of board meeting
D26: Whether cash flow statement is applicable on company | E26: Yes | Q26: 15
D27: Type of cash flow statement | E27: Cash Flow Indirect | Q27: 16
D28: Declaration of unmodified opinion or statement on impact of audit qualification | E28: Not applicable | Q28: 17
D29: Unique Document Identification Number(UDIN) | Q29: 18
Q30: 19
Q31: 20
Q32: 21
Q33: 22
Q34: 23
Q35: 24
Q36: 25
Q37: 26
Q38: 27
Q39: 28
Q40: 29
Q41: 30
... Q74: 63

Sheet Financial Results
D8: Financial Results – Ind-AS
D9: Particulars | F9: 3 months/ 6 months ended (dd-mm-yyyy) | G9: Year to date figures for current period ended (dd-mm-yyyy)
D10: A | E10: Date of start of reporting period | F10: 01-10-2021 | G10: 01-04-2021
D11: B | E11: Date of end of reporting period | F11: 44561 | G11: 31-12-2021
D12: C | E12: Whether results are audited or unaudited | F12: =+IF(COUNTA('General Info'!E21),'General Info'!E21,"") -> Unaudited | G12: =+IF(COUNTA('General Info'!E21),'General Info'!E21,"") -> Unaudited | O12: Audited
D13: D | E13: Nature of report standalone or consolidated | F13: =+IF(COUNTA('General Info'!E20),'General Info'!E20,"") -> Standalone | G13: =+IF(COUNTA('General Info'!E20),'General Info'!E20,"") -> Standalone | O13: Unaudited
D14: Part I | E14: Blue color marked fields are non-mandatory. For Consolidated Results, if the company has no figures for 3 months / 6 months ended, in such case zero shall be inserted in the said column.
D15: 1 | E15: Income
E16: Revenue from operations | F16: 0 | G16: 0 | S16: =+IF(COUNT(F16),+F16,"") -> 0
E17: Other income | F17: 4.2 | G17: 13.75 | S17: =+IF(COUNT(F17),+F17,"") -> 4.2
E18: Total income | F18: =+IF(COUNT(F16:F17),ROUND(SUM(F16:F17),3),"") -> 4.2 | G18: =+IF(COUNT(G16:G17),ROUND(SUM(G16:G17),3),"") -> 13.75 | S18: =+IF(COUNT(F18),+F18,"") -> 4.2
D19: 2 | E19: Expenses | S19: =+IF(COUNT(F19),+F19,"")
D20: (a) | E20: Cost of materials consumed | F20: 0 | G20: 0 | S20: =+IF(COUNT(F20),+F20,"") -> 0
D21: (b) | E21: Purchases of stock-in-trade | F21: 0 | G21: 0 | S21: =+IF(COUNT(F21),+F21,"") -> 0
D22: (c) | E22: Changes in inventories of finished goods, work-in-progress and stock-in-trade | F22: 0 | G22: 0 | S22: =+IF(COUNT(F22),+F22,"") -> 0
D23: (d) | E23: Employee benefit expense | F23: 0.48 | G23: 1.44 | S23: =+IF(COUNT(F23),+F23,"") -> 0.48
D24: (e) | E24: Finance costs | F24: 0.37 | G24: 1.09 | S24: =+IF(COUNT(F24),+F24,"") -> 0.37
D25: (f) | E25: Depreciation, depletion and amortisation expense | F25: 0 | G25: 0 | S25: =+IF(COUNT(F25),+F25,"") -> 0
D26: (f) | E26: Other Expenses | S26: =+IF(COUNT(F26),+F26,"")
D27: 1 | E27: OTHER EXPENSES | F27: 1.49 | G27: 5.66 | S27: =+IF(COUNT(F27),+F27,"") -> 1.49
D28: 2 | S28: =+IF(COUNT(F28),+F28,"")
D29: 3 | S29: =+IF(COUNT(F29),+F29,"")
D30: 4 | S30: =+IF(COUNT(F30),+F30,"")
D31: 5 | S31: =+IF(COUNT(F31),+F31,"")
D32: 6 | S32: =+IF(COUNT(F32),+F32,"")
D33: 7 | S33: =+IF(COUNT(F33),+F33,"")
D34: 8 | S34: =+IF(COUNT(F34),+F34,"")
D35: 9 | S35: =+IF(COUNT(F35),+F35,"")
D36: 10 | S36: =+IF(COUNT(F36),+F36,"")
E37: Total other expenses | F37: =+IF(COUNT(F27:F36),ROUND(SUM(F27:F36),3),"") -> 1.49 | G37: =+IF(COUNT(G27:G36),ROUND(SUM(G27:G36),3),"") -> 5.66 | S37: =+IF(COUNT(F37),+F37,"") -> 1.49
E38: Total expenses | F38: =+IF(COUNT(F37,F20:F25),SUM(F37,F20:F25),"") -> 2.34 | G38: =+IF(COUNT(G37,G20:G25),SUM(G37,G20:G25),"") -> 8.19 | S38: =+IF(COUNT(F38),+F38,"") -> 2.34
D39: 3 | E39: Total profit before exceptional items and tax | F39: =+IF(COUNT(F38,F18),+ROUND(SUM(F18)-SUM(F38),3),"") -> 1.86 | G39: =+IF(COUNT(G38,G18),+ROUND(SUM(G18)-SUM(G38),3),"") -> 5.56 | S39: =+IF(COUNT(F39),+F39,"") -> 1.86
D40: 4 | E40: Exceptional items | F40: 0 | G40: 0 | S40: =+IF(COUNT(F40),+F40,"") -> 0
D41: 5 | E41: Total profit before tax | F41: =+IF(COUNT(F39:F40),+ROUND(SUM(F39)+SUM(F40),3),"") -> 1.86 | G41: =+IF(COUNT(G39:G40),+ROUND(SUM(G39)+SUM(G40),3),"") -> 5.56 | S41: =+IF(COUNT(F41),+F41,"") -> 1.86
D42: 7 | E42: Tax expense | S42: =+IF(COUNT(F42),+F42,"")
D43: 8 | E43: Current tax | F43: 0 | G43: 0 | S43: =+IF(COUNT(F43),+F43,"") -> 0
D44: 9 | E44: Deferred tax | F44: -0.49 | G44: -1.82 | S44: =+IF(COUNT(F44),+F44,"") -> -0.49
D45: 10 | E45: Total tax expenses | F45: =+IF(COUNT(F43:F44),+ROUND(SUM(F43:F44),3),"") -> -0.49 | G45: =+IF(COUNT(G43:G44),+ROUND(SUM(G43:G44),3),"") -> -1.82 | S45: =+IF(COUNT(F45),+F45,"") -> -0.49
D46: 11 | E46: Net movement in regulatory deferral account balances related to profit or loss and the related deferred tax movement | F46: 0 | G46: 0 | S46: =+IF(COUNT(F46),+F46,"") -> 0
D47: 14 | E47: Net Profit Loss for the period from continuing operations | F47: =+IF(COUNT(F41,F45,F46),+ROUND(SUM(F41)-SUM(F45)+SUM(F46),3),"") -> 2.35 | G47: =+IF(COUNT(G41,G45,G46),+ROUND(SUM(G41)-SUM(G45)+SUM(G46),3),"") -> 7.38 | S47: =+IF(COUNT(F47),+F47,"") -> 2.35
D48: 15 | E48: Profit (loss) from discontinued operations before tax | F48: 0 | G48: 0 | S48: =+IF(COUNT(F48),+F48,"") -> 0
D49: 16 | E49: Tax expense of discontinued operations | F49: 0 | G49: 0 | S49: =+IF(COUNT(F49),+F49,"") -> 0
D50: 17 | E50: Net profit (loss) from discontinued operation after tax | F50: =+IF(COUNT(F48:F49),+ROUND(SUM(F48)-SUM(F49),3),"") -> 0 | G50: =+IF(COUNT(G48:G49),+ROUND(SUM(G48)-SUM(G49),3),"") -> 0 | S50: =+IF(COUNT(F50),+F50,"") -> 0
D51: 19 | E51: Share of profit (loss) of associates and joint ventures accounted for using equity method | F51: 0 | G51: 0 | S51: =+IF(COUNT(F51),+F51,"") -> 0
D52: 21 | E52: Total profit (loss) for period | F52: =+IF(COUNT(F47,F50,F51),ROUND(SUM(F47)+SUM(F50:F51),3),"") -> 2.35 | G52: =+IF(COUNT(G47,G50,G51),ROUND(SUM(G47)+SUM(G50:G51),3),"") -> 7.38 | S52: =+IF(COUNT(F52),+F52,"") -> 2.35
D53: 22 | E53: Other comprehensive income net of taxes | F53: 0 | G53: 0 | S53: =+IF(COUNT(F53),+F53,"") -> 0
D54: 23 | E54: Total Comprehensive Income for the period | F54: =+IF(COUNT(F52:F53),SUM(F52:F53),"") -> 2.35 | G54: =+IF(COUNT(G52:G53),SUM(G52:G53),"") -> 7.38 | S54: =+IF(COUNT(F54),+F54,"") -> 2.35
D55: 24 | E55: Total profit or loss, attributable to | S55: =+IF(COUNT(F55),+F55,"")
E56: Profit or loss, attributable to owners of parent | S56: =+IF(COUNT(F56),+F56,"")
E57: Total profit or loss, attributable to non-controlling interests | S57: =+IF(COUNT(F57),+F57,"")
D58: 25 | E58: Total Comprehensive income for the period attributable to | S58: =+IF(COUNT(F58),+F58,"")
E59: Comprehensive income for the period attributable to owners of parent | F59: 0 | G59: 0 | S59: =+IF(COUNT(F59),+F59,"") -> 0
E60: Total comprehensive income for the period attributable to owners of parent non-controlling interests | F60: 0 | G60: 0 | S60: =+IF(COUNT(F60),+F60,"") -> 0
D61: 26 | E61: Details of equity share capital | S61: =+IF(COUNT(F61),+F61,"")
E62: Paid-up equity share capital | F62: 522 | G62: 522 | S62: =+IF(COUNT(F62),+F62,"") -> 522
E63: Face value of equity share capital | F63: 10 | G63: 10 | S63: =+IF(COUNT(F63),+F63,"") -> 10
D64: 27 | E64: Details of debt securities | S64: =+IF(COUNT(F64),+F64,"")
D65: 28 | E65: Reserves excluding revaluation reserve | S65: =+IF(COUNT(F65),+F65,"")
D66: 29 | E66: Earnings per share | S66: =+IF(COUNT(F66),+F66,"")
D67: i | E67: Earnings per equity share for continuing operations | S67: =+IF(COUNT(F67),+F67,"")
E68: Basic earnings (loss) per share from continuing operations | F68: 0.05 | G68: 0.14 | S68: =+IF(COUNT(F68),+F68,"") -> 0.05
E69: Diluted earnings (loss) per share from continuing operations | F69: 0 | G69: 0 | S69: =+IF(COUNT(F69),+F69,"") -> 0
D70: ii | E70: Earnings per equity share for discontinued operations | S70: =+IF(COUNT(F70),+F70,"")
E71: Basic earnings (loss) per share from discontinued operations | F71: 0 | G71: 0 | S71: =+IF(COUNT(F71),+F71,"") -> 0
E72: Diluted earnings (loss) per share from discontinued operations | F72: 0 | G72: 0 | S72: =+IF(COUNT(F72),+F72,"") -> 0
D73: ii | E73: Earnings per equity share | S73: =+IF(COUNT(F73),+F73,"")
E74: Basic earnings (loss) per share from continuing and discontinued operations | F74: =+IF(COUNT(F68,F71),SUM(F68,F71),"") -> 0.05 | G74: =+IF(COUNT(G68,G71),SUM(G68,G71),"") -> 0.14 | S74: =+IF(COUNT(F74),+F74,"") -> 0.05
E75: Diluted earnings (loss) per share from continuing and discontinued operations | F75: =+IF(COUNT(F69,F72),SUM(F69,F72),"") -> 0 | G75: =+IF(COUNT(G69,G72),SUM(G69,G72),"") -> 0 | S75: =+IF(COUNT(F75),+F75,"") -> 0
D76: 30 | E76: Debt equity ratio | F76: 0 | G76: 0 | S76: =+IF(COUNT(F76),+F76,"") -> 0
D77: 31 | E77: Debt service coverage ratio | F77: 0 | G77: 0 | S77: =+IF(COUNT(F77),+F77,"") -> 0
D78: 32 | E78: Interest service coverage ratio | F78: 0 | G78: 0 | S78: =+IF(COUNT(F78),+F78,"") -> 0
D79: 33 | E79: Disclosure of notes on financial results

Sheet Taxonomy
A1: element | B1: label | C1: type | D1: periodType | E1: validation
A2: General Information
A3: ScripCode | B3: Scrip code | C3: in-bse-fin-types:ScripCode | D3: duration | E3: This is a mandatory field. Should be valid SCRIP CODE as per BSE Scrip Code Format.
A4: Symbol | B4: NSE Symbol | C4: xbrli:stringItemType | D4: duration
A5: MSEISymbol | B5: MSEI Symbol | C5: xbrli:stringItemType | D5: duration
A6: ISIN | B6: ISIN* | C6: in-bse-fin-types:ISIN | D6: duration
A7: NameOfTheCompany | B7: Name of company | C7: xbrli:stringItemType | D7: duration
A8: TypeOfCompany | B8: Type of company | C8: in-bse-fin-types:TypeOfCompany | D8: duration
A9: ClassOfSecurity | B9: Class of security | C9: in-bse-fin-types:ClassOfSecurity | D9: duration
A10: DateOfStartOfFinancialYear | B10: Date of start of financial year | C10: xbrli:dateItemType | D10: duration
A11: DateOfEndOfFinancialYear | B11: Date of end of financial year | C11: xbrli:dateItemType | D11: duration
A12: DateOfStartOfReportingPeriod | B12: Date of start of reporting period | C12: xbrli:dateItemType | D12: duration
A13: DateOfEndOfReportingPeriod | B13: Date of end of reporting period | C13: xbrli:dateItemType | D13: duration
A14: DateOfBoardMeetingWhenFinancialResultsWereApproved | B14: Date of board meeting when results were approved | C14: xbrli:dateItemType | D14: duration | E14: Date of board meeting when results were approved shall not be before the current financial year.
A15: DateOnWhichPriorIntimationOfTheMeetingForConsideringFinancialResultsWasInformedToTheExchange | B15: Date on which prior intimation of the meeting for considering financial results was informed to the exchange | C15: xbrli:dateItemType | D15: duration | E15: "Date on which prior intimation of the meeting for considering financial results was informed to the exchange" shall not be later than "Date of board meeting when results were approved" and shall not be before the current financial year.
A16: NatureOfReportStandaloneConsolidated | B16: Nature of report standalone or consolidated | C16: xbrli:stringItemType | D16: duration
A17: ReportingQuarter | B17: Reporting Quarter | C17: xbrli:stringItemType | D17: duration
A18: DescriptionOfPresentationCurrency | B18: Description of presentation currency | C18: xbrli:stringItemType | D18: duration
A19: LevelOfRoundingUsedInFinancialStatements | B19: Level of rounding used in financial results | C19: in-bse-fin-types:LevelOfRounding | D19: duration
A20: WhetherResultsAreAuditedOrUnaudited | B20: Whether results are audited or unaudited | C20: xbrli:stringItemType | D20: duration
A21: IsCompanyReportingMultisegmentOrSingleSegment | B21: Segment Reporting | C21: xbrli:stringItemType | D21: duration
A22: DescriptionOfSingleSegment | B22: Description of single segment | C22: xbrli:stringItemType | D22: duration | E22: This is a mandatory field as "Single Segment" selected in Segement Reporting field.
A23: DateOfStartOfBoardMeeting | B23: Start date of board meeting | C23: xbrli:dateItemType | D23: duration | E23: Start date of board meeting would be the next quarter then the reporting quarter (e.g. if results are submitted for June, quarter start time and end time would be from July) and shall not be earlier than Date of Prior Intimation.
A24: DateOfEndOfBoardMeeting | B24: End date of board meeting | C24: xbrli:dateItemType | D24: duration | E24: End date of board meeting must be after or same day of start date of bord meeting and would be the next quarter then the reporting quarter (e.g. if results are submitted for June, quarter start time and end time would be from July).
A25: StartTimeOfBoardMeeting | B25: ='General Info'!D24 -> Start date and time of board meeting | C25: xbrli:timeItemType | D25: duration
A26: EndTimeOfBoardMeeting | B26: ='General Info'!D25 -> End date and time of board meeting | C26: xbrli:timeItemType | D26: duration | E26: "End time of board meeting" must be greater than "Start time of board meeting"
A27: DeclarationOfUnmodifiedOpinionOrStatementOnImpactOfAuditQualification | B27: Declaration of unmodified opinion or statement on impact of audit qualification | C27: in-bse-fin-types:Declaration | D27: duration | E27: "Not applicable" is not allowed for "Yearly" reporting quarter.
A28: Financial Results
A29: RevenueFromOperations | B29: Revenue from operations | C29: xbrli:monetaryItemType | D29: duration
A30: OtherIncome | B30: Other income | C30: xbrli:monetaryItemType | D30: duration
A31: Income | B31: Total income | C31: xbrli:monetaryItemType | D31: duration
A32: CostOfMaterialsConsumed | B32: Cost of materials consumed | C32: xbrli:monetaryItemType | D32: duration
A33: PurchasesOfStockInTrade | B33: Purchases of stock-in-trade | C33: xbrli:monetaryItemType | D33: duration
A34: ChangesInInventoriesOfFinishedGoodsWorkInProgressAndStockInTrade | B34: Changes in inventories of finished goods, work-in-progress and stock-in-trade | C34: xbrli:monetaryItemType | D34: duration
A35: EmployeeBenefitExpense | B35: Employee benefit expense | C35: xbrli:monetaryItemType | D35: duration
A36: FinanceCosts | B36: Finance costs | C36: xbrli:monetaryItemType | D36: duration
A37: DepreciationDepletionAndAmortisationExpense | B37: Depreciation, depletion and amortisation expense | C37: xbrli:monetaryItemType | D37: duration
A38: DescriptionOfOtherExpenses | B38: Description of other expenses | C38: xbrli:stringItemType | D38: duration
A39: OtherExpenses | B39: Other Expenses | C39: xbrli:monetaryItemType | D39: duration
A40: OtherExpenses | B40: Total other expenses | C40: xbrli:monetaryItemType | D40: duration
... A76: DisclosureOfNotesOnFinancialResultsExplanatoryTextBlock | B76: Disclosure of notes on financial results | C76: nonnum:textBlockItemType | D76: duration
A77: Asset Liabilities
A78: PropertyPlantAndEquipment | B78: Property, plant and equipment | C78: xbrli:monetaryItemType | D78: instant
A79: CapitalWorkInProgress | B79: Capital work-in-progress | C79: xbrli:monetaryItemType | D79: instant
A80: InvestmentProperty | B80: Investment property | C80: xbrli:monetaryItemType | D80: instant
A81: Goodwill | B81: Goodwill | C81: xbrli:monetaryItemType | D81: instant
A82: OtherIntangibleAssets | B82: Other intangible assets | C82: xbrli:monetaryItemType | D82: instant
A83: IntangibleAssetsUnderDevelopment | B83: Intangible assets under development | C83: xbrli:monetaryItemType | D83: instant
A84: BiologicalAssetsOtherThanBearerPlants | B84: Biological assets other than bearer plants | C84: xbrli:monetaryItemType | D84: instant
A85: InvestmentsAccountedForUsingEquityMethod | B85: Investments accounted for using equity method | C85: xbrli:monetaryItemType | D85: instant
A86: NoncurrentInvestments | B86: Non-current investments | C86: xbrli:monetaryItemType | D86: instant
A87: TradeReceivablesNoncurrent | B87: Trade receivables, non-current | C87: xbrli:monetaryItemType | D87: instant
A88: LoansNoncurrent | B88: Loans, non-current | C88: xbrli:monetaryItemType | D88: instant
A89: OtherNoncurrentFinancialAssets | B89: Other non-current financial assets | C89: xbrli:monetaryItemType | D89: instant
... A133: Liabilities | B133: Total liabilities | C133: xbrli:monetaryItemType | D133: instant
A134: EquityAndLiabilities | B134: Total equity and liabilites | C134: xbrli:monetaryItemType | D134: instant | E134: "Total Assets" must match with "Total Equity and Liabilities" mentioned in sheet "Asset Liabilities"
A135: DisclosureOfNotesOnAssetsAndLiabilitiesExplanatoryTextBlock | B135: Disclosure of notes on assets and liabilities | C135: nonnum:textBlockItemType | D135: duration
A136: Segment
A137: DescriptionOfReportableSegment | B137: Description Of reportable segments | C137: xbrli:stringItemType | D137: duration
A138: SegmentRevenue | B138: Segment revenue | C138: xbrli:monetaryItemType | D138: duration
A139: SegmentRevenue | B139: Total Segment Revenue | C139: xbrli:monetaryItemType | D139: duration
A140: InterSegmentRevenue | B140: Less: Inter segment revenue | C140: xbrli:monetaryItemType | D140: duration
A141: SegmentRevenueFromOperations | B141: Revenue from Operations | C141: xbrli:monetaryItemType | D141: duration
A142: SegmentProfitLossBeforeTaxAndFinanceCosts | B142: Profit (loss) before tax and interest | C142: xbrli:monetaryItemType | D142: duration
A143: SegmentProfitLossBeforeTaxAndFinanceCosts | B143: Total Profit before tax | C143: xbrli:monetaryItemType | D143: duration
A144: SegmentFinanceCosts | B144: i. Finance cost | C144: xbrli:monetaryItemType | D144: duration
A145: OtherUnallocableExpenditureNetOffUnAllocableIncome | B145: ii. Other Unallocable Expenditure net off Unallocable income | C145: xbrli:monetaryItemType | D145: duration
A146: SegmentProfitBeforeTax | B146: Profit before tax | C146: xbrli:monetaryItemType | D146: duration
A147: SegmentAssets | B147: Segment Asset | C147: xbrli:monetaryItemType | D147: instant
A148: SegmentAssets | B148: Total Segment Asset | C148: xbrli:monetaryItemType | D148: instant
... A155: DisclosureOfNotesOnSegmentsExplanatoryTextBlock | B155: Disclosure of notes on segments | C155: nonnum:textBlockItemType | D155: duration
A156: OCI
A157: DescriptionOfItemThatWillNotBeReclassifiedToProfitAndLoss | B157: Description of item that will not be reclassified to profit and loss | C157: xbrli:stringItemType | D157: duration
A158: AmountOfItemThatWillNotBeReclassifiedToProfitAndLoss | B158: Amount of item that will not be reclassified to profit and loss | C158: xbrli:monetaryItemType | D158: duration
A159: DescriptionOfItemThatWillBeReclassifiedToProfitAndLoss | B159: Description of item that will be reclassified to profit and loss | C159: xbrli:stringItemType | D159: duration
A160: AmountOfItemThatWillBeReclassifiedToProfitAndLoss | B160: Amount of item that will be reclassified to profit and loss | C160: xbrli:monetaryItemType | D160: duration
A161: AmountOfItemThatWillNotBeReclassifiedToProfitAndLoss | B161: Amount of item that will not be reclassified to profit and loss | C161: xbrli:monetaryItemType | D161: duration
A162: IncomeTaxRelatingToItmesThatWillNotBeReclassifiedToProfitOrLoss | B162: Income tax relating to items that will not be reclassified to profit or loss | C162: xbrli:monetaryItemType | D162: duration
A163: AmountOfItemThatWillBeReclassifiedToProfitAndLoss | B163: Amount of item that will be reclassified to profit and loss | C163: xbrli:monetaryItemType | D163: duration
A164: IncomeTaxRelatingToItmesThatWillBeReclassifiedToProfitOrLoss | B164: Income tax relating to items that will be reclassified to profit or loss | C164: xbrli:monetaryItemType | D164: duration
A165: OtherComprehensiveIncome | B165: Total Other comprehensive income | C165: xbrli:monetaryItemType | D165: duration
A166: UniqueDocumentIdentificationNumber | B166: Unique Document Identification Number(UDIN) | C166: xbrli:stringItemType | D166: duration
A167: Cash Flow Direct
A168: StatementOfCashFlowsAbstract | B168: Statement of cash flows [Abstract] | C168: xbrli:stringItemType | D168: duration
A169: CashFlowsFromUsedInOperatingActivitiesAbstract | B169: Cash flows from used in operating activities [Abstract] | C169: xbrli:stringItemType | D169: duration
A170: ClassesOfCashReceiptsFromOperatingActivitiesAbstract | B170: Classes of cash receipts from operating activities [Abstract] | C170: xbrli:stringItemType | D170: duration
A171: ReceiptsFromSalesOfGoodsAndRenderingOfServices | B171: Receipts from sales of goods and rendering of services | C171: xbrli:monetaryItemType | D171: duration
A172: ReceiptsFromRoyaltiesFeesCommissionsAndOtherRevenue | B172: Receipts from royalties fees, commissions and other revenue | C172: xbrli:monetaryItemType | D172: duration
A173: ReceiptsFromContractsHeldForDealingOrTradingPurpose | B173: Receipts from contracts held for dealing or trading purpose | C173: xbrli:monetaryItemType | D173: duration
A174: ReceiptsFromPremiumsAndClaimsAnnuitiesAndOtherPolicyBenefits | B174: Receipts from premiums and claims annuities and other policy benefits | C174: xbrli:monetaryItemType | D174: duration
A175: ReceiptsFromRentsAndSubsequentSalesOfAssetsHeldForRentalToOthersAndSubsequentlyHeldForSale | B175: Receipts from rents and subsequent sales of assets held for rental to others and subsequently held for sale | C175: xbrli:monetaryItemType | D175: duration
A176: OtherCashReceiptsFromOperatingActivities | B176: Other cash receipts from operating activities | C176: xbrli:monetaryItemType | D176: duration
A177: ClassesOfCashPaymentsFromOperatingActivitiesAbstract | B177: Classes of cash payments from operating activities [Abstract] | C177: xbrli:stringItemType | D177: duration
A178: PaymentsToSuppliersForGoodsAndServices | B178: Payments to suppliers for goods and services | C178: xbrli:monetaryItemType | D178: duration
A179: PaymentsFromContractsHeldForDealingOrTradingPurpose | B179: Payments from contracts held for dealing or trading purpose | C179: xbrli:monetaryItemType | D179: duration
... A243: CashAndCashEquivalentsCashFlowStatement | B243: Cash and cash equivalents cash flow statement at end of period | C243: xbrli:monetaryItemType | D243: instant
A244: Cash Flow Indirect
A245: ProfitBeforeTax | B245: Profit before tax indirect | C245: xbrli:monetaryItemType | D245: duration
A246: AdjustmentsForReconcileProfitLossAbstract | B246: Adjustments for reconcile profit (loss) [Abstract] | C246: xbrli:stringItemType | D246: duration
A247: AdjustmentsForFinanceCosts | B247: Adjustments for finance costs | C247: xbrli:monetaryItemType | D247: duration
...

Sheet Asset Liabilities
D8: Statement of Asset and Liabilities
D9: Particulars | F9: Half year ended (dd-mm-yyyy)
D10: Date of start of reporting period
D11: Date of end of reporting period
D12: Whether results are audited or unaudited | F12: =+IF(COUNTA('General Info'!E21),'General Info'!E21,"") -> Unaudited | N12: Audited
D13: Nature of report standalone or consolidated | F13: =+IF(COUNTA('General Info'!E20),'General Info'!E20,"") -> Standalone | N13: Unaudited
E15: Assets
D16: 1 | E16: Non-current assets
E17: Property, plant and equipment
E18: Capital work-in-progress
E19: Investment property
E20: Goodwill
E21: Other intangible assets
E22: Intangible assets under development
E23: Biological assets other than bearer plants
E24: Investments accounted for using equity method
E25: Non-current financial assets
E26: Non-current investments
E27: Trade receivables, non-current
E28: Loans, non-current
E29: Other non-current financial assets
E30: Total non-current financial assets | F30: =IF(COUNT(F26:F29),SUM(F26:F29),"")
E31: Deferred tax assets (net)
E32: Other non-current assets
E33: Total non-current assets | F33: =IF(COUNT(F17:F24,F26:F29,F31:F32),SUM(F17:F24,F26:F29,F31:F32),"")
D34: 2 | E34: Current assets
E35: Inventories
E36: Current financial asset
E37: Current investments
E38: Trade receivables, current
E39: Cash and cash equivalents
E40: Bank balance other than cash and cash equivalents
E41: Loans, current
E42: Other current financial assets
E43: Total current financial assets | F43: =IF(COUNT(F37:F42),SUM(F37:F42),"")
E44: Current tax assets (net)
E45: Other current assets
E46: Total current assets | F46: =IF(COUNT(F35,F37:F42,F44:F45),SUM(F35,F37:F42,F44:F45),"")
D47: 3 | E47: Non-current assets classified as held for sale
D48: 4 | E48: Regulatory deferral account debit balances and related deferred tax Assets
E49: Total assets | F49: =IF(COUNT(F33,F46:F48),SUM(F33,F46:F48),"")
E50: Equity and liabilities
D51: 1 | E51: Equity
E52: Equity attributable to owners of parent
E53: Equity share capital
E54: Other equity
E55: Total equity attributable to owners of parent | F55: =IF(COUNT(F53:F54),SUM(F53:F54),"")
E56: Non controlling interest
E57: Total equity | F57: =IF(COUNT(F55:F56),SUM(F55:F56),"")
D58: 2 | E58: Liabilities
E59: Non-current liabilities
E60: Non-current financial liabilities
E61: Borrowings, non-current
E62: Trade payables, non-current
E63: Other non-current financial liabilities
E64: Total non-current financial liabilities | F64: =IF(COUNT(F61:F63),SUM(F61:F63),"")
E65: Provisions, non-current
E66: Deferred tax liabilities (net)
E67: Deferred government grants, Non-current
E68: Other non-current liabilities
E69: Total non-current liabilities | F69: =IF(COUNT(F61:F63,F65:F68),SUM(F61:F63,F65:F68),"")
E70: Current liabilities
E71: Current financial liabilities
E72: Borrowings, current
E73: Trade payables, current
E74: Other current financial liabilities
E75: Total current financial liabilities | F75: =IF(COUNT(F72:F74),SUM(F72:F74),"")
E76: Other current liabilities
E77: Provisions, current
E78: Current tax liabilities (Net)
E79: Deferred government grants, Current
E80: Total current liabilities | F80: =IF(COUNT(F72:F74,F76:F79),SUM(F72:F74,F76:F79),"")
D81: 3 | E81: Liabilities directly associated with assets in disposal group classified as held for sale
D82: 4 | E82: Regulatory deferral account credit balances and related deferred tax liability
E83: Total liabilities | F83: =IF(COUNT(F69,F80,F81:F82),SUM(F69,F80,F81:F82),"")
E84: Total equity and liabilites | F84: =IF(COUNT(F57,F83),SUM(F57,F83),"")
E85: Disclosure of notes on assets and liabilities

Sheet TextBlock
E1: 5

Sheet Segment
D8: Format for Reporting Segmenet wise Revenue, Results and Capital Employed along with the company results
D9: Particulars | F9: 3 months/ 6 month ended (dd-mm-yyyy) | G9: Year to date figures for current period ended (dd-mm-yyyy)
D10: Date of start of reporting period | F10: 01-10-2021 | G10: 01-04-2021
D11: Date of end of reporting period | F11: 31-12-2021 | G11: 31-12-2021
D12: Whether accounts are audited or unaudited | F12: =+IF(COUNTA('General Info'!E21),'General Info'!E21,"") -> Unaudited | G12: =+IF(COUNTA('General Info'!E21),'General Info'!E21,"") -> Unaudited | O12: Audited
D13: Nature of report standalone or consolidated | F13: =+IF(COUNTA('General Info'!E20),'General Info'!E20,"") -> Standalone | G13: =+IF(COUNTA('General Info'!E20),'General Info'!E20,"") -> Standalone | O13: Unaudited
D14: 1 | E14: Segment Revenue (Income)
E15: (net sale/income from each segment should be disclosed)
D16: 1 | S16: =+IF(COUNT(F16),+F16,"")
D17: 2 | S17: =+IF(COUNT(F17),+F17,"")
D18: 3 | S18: =+IF(COUNT(F18),+F18,"")
D19: 4 | S19: =+IF(COUNT(F19),+F19,"")
D20: 5 | S20: =+IF(COUNT(F20),+F20,"")
D21: 6 | S21: =+IF(COUNT(F21),+F21,"")
D22: 7 | S22: =+IF(COUNT(F22),+F22,"")
D23: 8 | S23: =+IF(COUNT(F23),+F23,"")
D24: 9 | S24: =+IF(COUNT(F24),+F24,"")
D25: 10 | S25: =+IF(COUNT(F25),+F25,"")
D26: 11 | S26: =+IF(COUNT(F26),+F26,"")
D27: 12 | S27: =+IF(COUNT(F27),+F27,"")
... D30: 15 | S30: =+IF(COUNT(F30),+F30,"")
E31: Total Segment Revenue | F31: =+IF(COUNT(F16:F30),SUM(F16:F30),"") | G31: =+IF(COUNT(G16:G30),SUM(G16:G30),"") | S31: =+IF(COUNT(F31),+F31,"")
E32: Less: Inter segment revenue | S32: =+IF(COUNT(F32),+F32,"")
E33: Revenue from operations | F33: =+IF(COUNT(F31:F32),SUM(F31)-SUM(F32),"") | G33: =+IF(COUNT(G31:G32),SUM(G31)-SUM(G32),"") | S33: =+IF(COUNT(F33),+F33,"")
S34: =+IF(COUNT(F34),+F34,"")
D35: 2 | E35: Segment Result | S35: =+IF(COUNT(F35),+F35,"")
E36: Profit (+) / Loss (-) before tax and interest from each segment | S36: =+IF(COUNT(F36),+F36,"")
D37: 1 | E37: =+IF(COUNTA(E16),+E16,"") | S37: =+IF(COUNT(F37),+F37,"")
D38: 2 | E38: =+IF(COUNTA(E17),+E17,"") | S38: =+IF(COUNT(F38),+F38,"")
D39: 3 | E39: =+IF(COUNTA(E18),+E18,"") | S39: =+IF(COUNT(F39),+F39,"")
D40: 4 | E40: =+IF(COUNTA(E19),+E19,"") | S40: =+IF(COUNT(F40),+F40,"")
D41: 5 | E41: =+IF(COUNTA(E20),+E20,"") | S41: =+IF(COUNT(F41),+F41,"")
D42: 6 | E42: =+IF(COUNTA(E21),+E21,"") | S42: =+IF(COUNT(F42),+F42,"")
D43: 7 | E43: =+IF(COUNTA(E22),+E22,"") | S43: =+IF(COUNT(F43),+F43,"")
D44: 8 | E44: =+IF(COUNTA(E23),+E23,"") | S44: =+IF(COUNT(F44),+F44,"")
D45: 9 | E45: =+IF(COUNTA(E24),+E24,"") | S45: =+IF(COUNT(F45),+F45,"")
D46: 10 | E46: =+IF(COUNTA(E25),+E25,"") | S46: =+IF(COUNT(F46),+F46,"")
D47: 11 | E47: =+IF(COUNTA(E26),+E26,"") | S47: =+IF(COUNT(F47),+F47,"")
D48: 12 | E48: =+IF(COUNTA(E27),+E27,"") | S48: =+IF(COUNT(F48),+F48,"")
... D51: 15 | E51: =+IF(COUNTA(E30),+E30,"") | S51: =+IF(COUNT(F51),+F51,"")
E52: Total Profit before tax | F52: =+IF(COUNT(F37:F51),SUM(F37:F51),"") | G52: =+IF(COUNT(G37:G51),SUM(G37:G51),"") | S52: =+IF(COUNT(F52),+F52,"")
E53: i. Finance cost | S53: =+IF(COUNT(F53),+F53,"")
E54: ii. Other Unallocable Expenditure net off Unallocable income | S54: =+IF(COUNT(F54),+F54,"")
E55: Profit before tax | F55: =+IF(COUNT(F52:F54),SUM(F52)-SUM(F53)-SUM(F54),"") | G55: =+IF(COUNT(G52:G54),SUM(G52)-SUM(G53)-SUM(G54),"") | S55: =+IF(COUNT(F55),+F55,"")
S56: =+IF(COUNT(F56),+F56,"")
D57: 3 | E57: (Segment Asset - Segment Liabilities) | S57: =+IF(COUNT(F57),+F57,"")
E58: Segment Asset | S58: =+IF(COUNT(F58),+F58,"")
D59: =+D58+1 -> 1 | E59: =+IF(COUNTA(E16),+E16,"") | S59: =+IF(COUNT(F59),+F59,"")
D60: 2 | E60: =+IF(COUNTA(E17),+E17,"") | S60: =+IF(COUNT(F60),+F60,"")
D61: 3 | E61: =+IF(COUNTA(E18),+E18,"") | S61: =+IF(COUNT(F61),+F61,"")
D62: 4 | E62: =+IF(COUNTA(E19),+E19,"") | S62: =+IF(COUNT(F62),+F62,"")
D63: 5 | E63: =+IF(COUNTA(E20),+E20,"") | S63: =+IF(COUNT(F63),+F63,"")
D64: 6 | E64: =+IF(COUNTA(E21),+E21,"") | S64: =+IF(COUNT(F64),+F64,"")
D65: 7 | E65: =+IF(COUNTA(E22),+E22,"") | S65: =+IF(COUNT(F65),+F65,"")
D66: 8 | E66: =+IF(COUNTA(E23),+E23,"") | S66: =+IF(COUNT(F66),+F66,"")
D67: 9 | E67: =+IF(COUNTA(E24),+E24,"") | S67: =+IF(COUNT(F67),+F67,"")
D68: =+D67+1 -> 10 | E68: =+IF(COUNTA(E25),+E25,"") | S68: =+IF(COUNT(F68),+F68,"")
D69: =+D68+1 -> 11 | E69: =+IF(COUNTA(E26),+E26,"") | S69: =+IF(COUNT(F69),+F69,"")
D70: =+D69+1 -> 12 | E70: =+IF(COUNTA(E27),+E27,"") | S70: =+IF(COUNT(F70),+F70,"")
D71: =+D70+1 -> 13 | E71: =+IF(COUNTA(E28),+E28,"") | S71: =+IF(COUNT(F71),+F71,"")
D72: 14 | E72: =+IF(COUNTA(E29),+E29,"") | S72: =+IF(COUNT(F72),+F72,"")
D73: 15 | E73: =+IF(COUNTA(E30),+E30,"") | S73: =+IF(COUNT(F73),+F73,"")
E74: Total Segment Asset | F74: =+IF(COUNT(F59:F73),SUM(F59:F73),"") | G74: =+IF(COUNT(G59:G73),SUM(G59:G73),"") | S74: =+IF(COUNT(F74),+F74,"")
E75: Un-allocable Assets | S75: =+IF(COUNT(F75),+F75,"")
E76: Net Segment Asset | F76: =+IF(COUNT(F74:F75),SUM(F74)+SUM(F75),"") | G76: =+IF(COUNT(G74:G75),SUM(G74)+SUM(G75),"") | S76: =+IF(COUNT(F76),+F76,"")
S77: =+IF(COUNT(F77),+F77,"")
D78: 4 | E78: Segment Liabilities | S78: =+IF(COUNT(F78),+F78,"")
E79: Segment Liabilities | S79: =+IF(COUNT(F79),+F79,"")
D80: 1 | E80: =+IF(COUNTA(E16),+E16,"") | S80: =+IF(COUNT(F80),+F80,"")
D81: 2 | E81: =+IF(COUNTA(E17),+E17,"") | S81: =+IF(COUNT(F81),+F81,"")
D82: 3 | E82: =+IF(COUNTA(E18),+E18,"") | S82: =+IF(COUNT(F82),+F82,"")
D83: 4 | E83: =+IF(COUNTA(E19),+E19,"") | S83: =+IF(COUNT(F83),+F83,"")
D84: 5 | E84: =+IF(COUNTA(E20),+E20,"") | S84: =+IF(COUNT(F84),+F84,"")
D85: 6 | E85: =+IF(COUNTA(E21),+E21,"") | S85: =+IF(COUNT(F85),+F85,"")
D86: 7 | E86: =+IF(COUNTA(E22),+E22,"") | S86: =+IF(COUNT(F86),+F86,"")
D87: 8 | E87: =+IF(COUNTA(E23),+E23,"") | S87: =+IF(COUNT(F87),+F87,"")
D88: 9 | E88: =+IF(COUNTA(E24),+E24,"") | S88: =+IF(COUNT(F88),+F88,"")
D89: 10 | E89: =+IF(COUNTA(E25),+E25,"") | S89: =+IF(COUNT(F89),+F89,"")
D90: 11 | E90: =+IF(COUNTA(E26),+E26,"") | S90: =+IF(COUNT(F90),+F90,"")
D91: 12 | E91: =+IF(COUNTA(E27),+E27,"") | S91: =+IF(COUNT(F91),+F91,"")
... D94: 15 | E94: =+IF(COUNTA(E30),+E30,"") | S94: =+IF(COUNT(F94),+F94,"")
E95: Total Segment Liabilities | F95: =+IF(COUNT(F80:F94),SUM(F80:F94),"") | G95: =+IF(COUNT(G80:G94),SUM(G80:G94),"") | S95: =+IF(COUNT(F95),+F95,"")
E96: Un-allocable Liabilities | S96: =+IF(COUNT(F96),+F96,"")
E97: Net Segment Liabilities | F97: =+IF(COUNT(F95:F96),SUM(F95)+SUM(F96),"") | G97: =+IF(COUNT(G95:G96),SUM(G95)+SUM(G96),"") | S97: =+IF(COUNT(F97),+F97,"")
E99: Disclosure of notes on segments

Sheet OCI
E1: 0 | F1: 0 | G1: 0
S2: =+IF(COUNT(D2),D2,"")
B6: Other Comprehensive Income
B7: Particulars | D7: 3 months/ 6 month ended (dd-mm-yyyy) | E7: Year to date figures for current period ended (dd-mm-yyyy)
B8: A | C8: Date of start of reporting period | D8: 01-10-2021 | E8: 01-04-2021
B9: B | C9: Date of end of reporting period | D9: 44561 | E9: 31-12-2021
B10: C | C10: Whether results are audited or unaudited | D10: =+IF(COUNTA('Financial Results'!F12),'Financial Results'!F12,"") -> Unaudited | E10: =+IF(COUNTA('Financial Results'!F12),'Financial Results'!F12,"") -> Unaudited
B11: D | C11: Nature of report standalone or consolidated | D11: =+IF(COUNTA('Financial Results'!F13),'Financial Results'!F13,"") -> Standalone | E11: =+IF(COUNTA('Financial Results'!G13),'Financial Results'!G13,"") -> Standalone
C12: Other comprehensive income [Abstract]
B13: 1 | C13: Amount of items that will not be reclassified to profit and loss
C15: Total Amount of items that will not be reclassified to profit and loss | D15: =IF(COUNT(D13:D14),SUM(D13:D14),"") | E15: =IF(COUNT(E13:E14),SUM(E13:E14),"")
B16: 2 | C16: Income tax relating to items that will not be reclassified to profit or loss
B17: 3 | C17: Amount of items that will be reclassified to profit and loss
C19: Total Amount of items that will be reclassified to profit and loss | D19: =IF(COUNT(D17:D18),SUM(D17:D18),"") | E19: =IF(COUNT(E17:E18),SUM(E17:E18),"")
B20: 4 | C20: Income tax relating to items that will be reclassified to profit or loss
B21: 5 | C21: Total Other comprehensive income | D21: =IF(COUNT(D15,D16,D19,D20),SUM(D15)-SUM(D16)+SUM(D19)-SUM(D20),"") | E21: =IF(COUNT(E15,E16,E19,E20),SUM(E15)-SUM(E16)+SUM(E19)-SUM(E20),"")

Sheet Cash Flow Direct
D8: Cash flow statement,direct
D9: Particulars | F9: =IF('General Info'!E19="Half yearly","6 months ended (dd-mm-yyyy)","Year ended (dd-mm-yyyy)") -> Year ended (dd-mm-yyyy)
D10: A | E10: Date of start of reporting period | F10: 01-10-2020
D11: B | E11: Date of end of reporting period | F11: 31-12-2020
D12: C | E12: Whether results are audited or unaudited | F12: =+IF(COUNTA('General Info'!E21),'General Info'!E21,"") -> Unaudited | N12: Audited
D13: D | E13: Nature of report standalone or consolidated | F13: =+IF(COUNTA('General Info'!E20),'General Info'!E20,"") -> Standalone | N13: Unaudited
D14: Part I | E14: Blue color marked fields are non-mandatory.
E15: Statement of cash flows | J15: Statement of cash flows [Abstract]
E16: Whether cash flow statement is applicable on company | F16: =+IF(COUNTA('General Info'!E26),'General Info'!E26,"") -> Yes | J16: Cash flows from used in operating activities [Abstract]
E17: Cash flows from used in operating activities | J17: Cash flows from used in operating activities [Abstract]
E18: Classes of cash receipts from operating activities | J18: Classes of cash receipts from operating activities [Abstract]
E19: Receipts from sales of goods and rendering of services | J19: Receipts from sales of goods and rendering of services | R19: =+IF(COUNT(F19),+F19,"")
E20: Receipts from royalties fees, commissions and other revenue | J20: Receipts from royalties fees, commissions and other revenue | R20: =+IF(COUNT(F20),+F20,"")
E21: Receipts from contracts held for dealing or trading purpose | J21: Receipts from contracts held for dealing or trading purpose | R21: =+IF(COUNT(F21),+F21,"")
E22: Receipts from premiums and claims annuities and other policy benefits | J22: Receipts from premiums and claims annuities and other policy benefits | R22: =+IF(COUNT(F22),+F22,"")
E23: Receipts from rents and subsequent sales of assets held for rental to others and subsequently held for sale | J23: Receipts from rents and subsequent sales of assets held for rental to others and subsequently held for sale | R23: =+IF(COUNT(F23),+F23,"")
E24: Other cash receipts from operating activities | J24: Other cash receipts from operating activities | R24: =+IF(COUNT(F24),+F24,"")
E25: Classes of cash payments from operating activities | J25: Classes of cash payments from operating activities [Abstract] | R25: =+IF(COUNT(F25),+F25,"")
E26: Payments to suppliers for goods and services | J26: Payments to suppliers for goods and services | R26: =+IF(COUNT(F26),+F26,"")
E27: Payments from contracts held for dealing or trading purpose | J27: Payments from contracts held for dealing or trading purpose | R27: =+IF(COUNT(F27),+F27,"")
E28: Payments to and on behalf of employees | J28: Payments to and on behalf of employees | R28: =+IF(COUNT(F28),+F28,"")
E29: Payments for premiums and claims, annuities and other policy benefits | J29: Payments for premiums and claims, annuities and other policy benefits | R29: =+IF(COUNT(F29),+F29,"")
E30: Payments to manufacture or acquire assets held for rental to others and subsequently held for sale | J30: Payments to manufacture or acquire assets held for rental to others and subsequently held for sale | R30: =+IF(COUNT(F30),+F30,"")
E31: Other cash payments from operating activities | J31: Other cash payments from operating activities | R31: =+IF(COUNT(F31),+F31,"")
E32: Net cash flows from (used in) operations | F32: =IF(COUNT(F19:F31),ROUND(SUM(F19:F24)-SUM(F26:F31),3),"") | J32: Net cash flows from (used in) operations operating activities | R32: =+IF(COUNT(F32),+F32,"")
E33: Dividends received | J33: Dividends received operating activities | R33: =+IF(COUNT(F33),+F33,"")
E34: Interest paid | J34: Interest paid operating activities | R34: =+IF(COUNT(F34),+F34,"")
E35: Interest received | J35: Interest received operating activities | R35: =+IF(COUNT(F35),+F35,"")
E36: Income taxes paid (refund) | J36: Income taxes paid (refund) operating activities | R36: =+IF(COUNT(F36),+F36,"")
E37: Other inflows (outflows) of cash | J37: Other inflows (outflows) of cash operating activities | R37: =+IF(COUNT(F37),+F37,"")
E38: Net cash flows from (used in) operating activities | F38: =IF(COUNT(F32:F37),ROUND(SUM(F32)+SUM(F33)-SUM(F34)+SUM(F35)-SUM(F36)+SUM(F37),3),"") | J38: Net cash flows from (used in) operating activities | R38: =+IF(COUNT(F38),+F38,"")
E39: Cash flows from used in investing activities | J39: Cash flows from used in investing activities [Abstract] | R39: =+IF(COUNT(F39),+F39,"")
E40: Cash flows from losing control of subsidiaries or other businesses | J40: Cash flows from losing control of subsidiaries or other businesses investing activities | R40: =+IF(COUNT(F40),+F40,"")
E41: Cash flows used in obtaining control of subsidiaries or other businesses | J41: Cash flows used in obtaining control of subsidiaries or other businesses investing activities | R41: =+IF(COUNT(F41),+F41,"")
E42: Other cash receipts from sales of equity or debt instruments of other entities | J42: Other cash receipts from sales of equity or debt instruments of other entities investing activities | R42: =+IF(COUNT(F42),+F42,"")
E43: Other cash payments to acquire equity or debt instruments of other entities | J43: Other cash payments to acquire equity or debt instruments of other entities investing activities | R43: =+IF(COUNT(F43),+F43,"")
E44: Other cash receipts from sales of interests in joint ventures | J44: Other cash receipts from sales of interests in joint ventures investing activities | R44: =+IF(COUNT(F44),+F44,"")
E45: Other cash payments to acquire interests in joint ventures | J45: Other cash payments to acquire interests in joint ventures investing activities | R45: =+IF(COUNT(F45),+F45,"")
E46: Proceeds from sales of property, plant and equipment | J46: Proceeds from sales of property, plant and equipment investing activities | R46: =+IF(COUNT(F46),+F46,"")
E47: Purchase of property, plant and equipment | J47: Purchase of property, plant and equipment investing activities | R47: =+IF(COUNT(F47),+F47,"")
E48: Proceeds from sales of investment property | J48: Proceeds from sales of investment property investing activities | R48: =+IF(COUNT(F48),+F48,"")
E49: Purchase of investment property | J49: Purchase of investment property investing activities | R49: =+IF(COUNT(F49),+F49,"")
E50: Proceeds from sales of goodwill | J50: Proceeds from sales of goodwill investing activities | R50: =+IF(COUNT(F50),+F50,"")
... E66: Proceeds from government grants | J66: Proceeds from government grants investing activities | R66: =+IF(COUNT(F66),+F66,"")
E67: Net cash flows from (used in) investing activities | F67: =IF(COUNT(F40:F66),ROUND(SUM(F40)-SUM(F41)+SUM(F42)-SUM(F43)+SUM(F44)-SUM(F45)+SUM(F46)-SUM(F47)+SUM(F48)-SUM(F49)+SUM(F50)-SUM(F51)+SUM(F52)-SUM(F53)+SUM(F54)-SUM(F55)+SUM(F56)-SUM(F57)-SUM(F58)+SUM(F59)-SUM(F60)+SUM(F61)+SUM(F62)+SUM(F63)-SUM(F64)+SUM(F65)+SUM(F66),3),"") | J67: Net cash flows from (used in) investing activities | R67: =+IF(COUNT(F67),+F67,"")
E68: Cash flows from used in financing activities | J68: Cash flows from used in financing activities [Abstract] | R68: =+IF(COUNT(F68),+F68,"")
E69: Proceeds from changes in ownership interests in subsidiaries that do not result in loss of control | J69: Proceeds from changes in ownership interests in subsidiaries that do not result in loss of control | R69: =+IF(COUNT(F69),+F69,"")
E70: Payments from changes in ownership interests in subsidiaries that do not result in loss of control | J70: Payments from changes in ownership interests in subsidiaries that do not result in loss of control | R70: =+IF(COUNT(F70),+F70,"")
E71: Proceeds from issuing shares | J71: Proceeds from issuing shares financing activities | R71: =+IF(COUNT(F71),+F71,"")
E72: Proceeds from issuing other equity instruments | J72: Proceeds from issuing other equity instruments financing activities | R72: =+IF(COUNT(F72),+F72,"")
E73: Payments to acquire or redeem entity's shares | J73: Payments to acquire or redeem entity's shares financing activities | R73: =+IF(COUNT(F73),+F73,"")
E74: Payments of other equity instruments | J74: Payments of other equity instruments financing activities | R74: =+IF(COUNT(F74),+F74,"")
E75: Proceeds from exercise of stock options | J75: Proceeds from exercise of stock options financing activities | R75: =+IF(COUNT(F75),+F75,"")
E76: Proceeds from issuing debentures notes bonds etc | J76: Proceeds from issuing debentures notes bonds etc financing activities | R76: =+IF(COUNT(F76),+F76,"")
E77: Proceeds from borrowings | J77: Proceeds from borrowings financing activities | R77: =+IF(COUNT(F77),+F77,"")
E78: Repayments of borrowings | J78: Repayments of borrowings financing activities | R78: =+IF(COUNT(F78),+F78,"")
E79: Payments of finance lease liabilities | J79: Payments of finance lease liabilities financing activities | R79: =+IF(COUNT(F79),+F79,"")
... E84: Other inflows (outflows) of cash | J84: Other inflows (outflows) of cash financing activities | R84: =+IF(COUNT(F84),+F84,"")
E85: Net cash flows from (used in) financing activities | F85: =IF(COUNT(F69:F84),ROUND(SUM(F69)-SUM(F70)+SUM(F71)+SUM(F72)-SUM(F73)-SUM(F74)+SUM(F75)+SUM(F76)+SUM(F77)-SUM(F78)-SUM(F79)-SUM(F80)-SUM(F81)-SUM(F82)-SUM(F83)+SUM(F84),3),"") | J85: Net cash flows from (used in) financing activities | R85: =+IF(COUNT(F85),+F85,"")
E86: Net increase (decrease) in cash and cash equivalents before effect of exchange rate changes | F86: =IF(COUNT(F38:F85),ROUND(SUM(F38)+SUM(F67)+SUM(F85),3),"") | J86: Net increase (decrease) in cash and cash equivalents before effect of exchange rate changes | R86: =+IF(COUNT(F86),+F86,"")
E87: Effect of exchange rate changes on cash and cash equivalents | J87: Effect of exchange rate changes on cash and cash equivalents [Abstract] | R87: =+IF(COUNT(F87),+F87,"")
E88: Effect of exchange rate changes on cash and cash equivalents | J88: Effect of exchange rate changes on cash and cash equivalents | R88: =+IF(COUNT(F88),+F88,"")
E89: Net increase (decrease) in cash and cash equivalents | F89: =IF(COUNT(F86,F88),ROUND(SUM(F86)+SUM(F88),3),"") | J89: Net increase (decrease) in cash and cash equivalents | R89: =+IF(COUNT(F89),+F89,"")
E90: Cash and cash equivalents cash flow statement at beginning of period | J90: Cash and cash equivalents cash flow statement at beginning of period | R90: =+IF(COUNT(F90),+F90,"")
E91: Cash and cash equivalents cash flow statement at end of period | F91: =+IF(COUNT(F89:F90),ROUND(SUM(F89)+SUM(F90),3),"") | J91: Cash and cash equivalents cash flow statement at end of period | R91: =+IF(COUNT(F91),+F91,"")

Sheet Cash Flow Indirect
D8: Cash flow statement, indirect
D9: Particulars | F9: =IF('General Info'!E19="Half yearly","6 months ended (dd-mm-yyyy)","Year ended (dd-mm-yyyy)") -> Year ended (dd-mm-yyyy)
D10: A | E10: Date of start of reporting period | F10: 01-10-2021
D11: B | E11: Date of end of reporting period | F11: 44561
D12: C | E12: Whether results are audited or unaudited | F12: =+IF(COUNTA('General Info'!E21),'General Info'!E21,"") -> Unaudited | N12: Audited
D13: D | E13: Nature of report standalone or consolidated | F13: =+IF(COUNTA('General Info'!E20),'General Info'!E20,"") -> Standalone | N13: Unaudited
D14: Part I | E14: Blue color marked fields are non-mandatory.
E15: Statement of cash flows
E16: Whether cash flow statement is applicable on company | F16: =+IF(COUNTA('General Info'!E26),'General Info'!E26,"") -> Yes
E17: Cash flows from used in operating activities
E18: Profit before tax | F18: =+IF(COUNTA('Financial Results'!$G$41),'Financial Results'!$G$41,"") -> 5.56 | J18: Profit before tax indirect | R18: =+IF(COUNT(F18),+F18,"") -> 5.56
E19: Adjustments for reconcile profit (loss) | J19: Adjustments for reconcile profit (loss) [Abstract] | R19: =+IF(COUNT(F19),+F19,"")
E20: Adjustments for finance costs | F20: 0 | J20: Adjustments for finance costs | R20: =+IF(COUNT(F20),+F20,"") -> 0
E21: Adjustments for decrease (increase) in inventories | F21: 0 | J21: Adjustments for decrease (increase) in inventories | R21: =+IF(COUNT(F21),+F21,"") -> 0
E22: Adjustments for decrease (increase) in trade receivables, current | F22: 0 | J22: Adjustments for decrease (increase) in trade receivables, current | R22: =+IF(COUNT(F22),+F22,"") -> 0
E23: Adjustments for decrease (increase) in trade receivables, non-current | F23: 0 | J23: Adjustments for decrease (increase) in trade receivables, non-current | R23: =+IF(COUNT(F23),+F23,"") -> 0
E24: Adjustments for decrease (increase) in other current assets | F24: -1.99 | J24: Adjustments for decrease (increase) in other current assets | R24: =+IF(COUNT(F24),+F24,"") -> -1.99
E25: Adjustments for decrease (increase) in other non-current assets | F25: 0 | J25: Adjustments for decrease (increase) in other non-current assets | R25: =+IF(COUNT(F25),+F25,"") -> 0
E26: Adjustments for other financial assets, non-current | F26: 0 | J26: Adjustments for other financial assets, non-current | R26: =+IF(COUNT(F26),+F26,"") -> 0
E27: Adjustments for other financial assets, current | F27: -13.75 | J27: Adjustments for other financial assets, current | R27: =+IF(COUNT(F27),+F27,"") -> -13.75
E28: Adjustments for other bank balances | F28: 0 | J28: Adjustments for other bank balances | R28: =+IF(COUNT(F28),+F28,"") -> 0
E29: Adjustments for increase (decrease) in trade payables, current | F29: -2.74 | J29: Adjustments for increase (decrease) in trade payables, current | R29: =+IF(COUNT(F29),+F29,"") -> -2.74
E30: Adjustments for increase (decrease) in trade payables, non-current | F30: 0 | J30: Adjustments for increase (decrease) in trade payables, non-current | R30: =+IF(COUNT(F30),+F30,"") -> 0
E31: Adjustments for increase (decrease) in other current liabilities | F31: -0.23 | J31: Adjustments for increase (decrease) in other current liabilities | R31: =+IF(COUNT(F31),+F31,"") -> -0.23
... E48: Share of profit and loss from partnership firm or association of persons or limited liability partnerships | F48: 0 | J48: Share of profit and loss from partnership firm or association of persons or limited liability partnerships | R48: =+IF(COUNT(F48),+F48,"") -> 0
E49: Total adjustments for reconcile profit (loss) | F49: =IF(COUNT(F20:F48),ROUND(SUM(F20:F39)-SUM(F40:F41)+SUM(F42:F43)-SUM(F44)+SUM(F45:F48),3),"") -> -18.71 | J49: Total adjustments for reconcile profit (loss) | R49: =+IF(COUNT(F49),+F49,"") -> -18.71
E50: Net cash flows from (used in) operations | F50: =IF(COUNT(F18,F49),ROUND(SUM(F18)+SUM(F49),3),"") -> -13.15 | J50: Net cash flows from (used in) operations operating activities | R50: =+IF(COUNT(F50),+F50,"") -> -13.15
E51: Dividends received | F51: 0 | J51: Dividends received operating activities | R51: =+IF(COUNT(F51),+F51,"") -> 0
E52: Interest paid | F52: -1.09 | J52: Interest paid operating activities | R52: =+IF(COUNT(F52),+F52,"") -> -1.09
E53: Interest received | F53: -13.75 | J53: Interest received operating activities | R53: =+IF(COUNT(F53),+F53,"") -> -13.75
E54: Income taxes paid (refund) | F54: 27.42 | J54: Income taxes paid (refund) operating activities | R54: =+IF(COUNT(F54),+F54,"") -> 27.42
E55: Other inflows (outflows) of cash | F55: 0 | J55: Other inflows (outflows) of cash operating activities | R55: =+IF(COUNT(F55),+F55,"") -> 0
E56: Net cash flows from (used in) operating activities | F56: =IF(COUNT(F50:F55),ROUND(SUM(F50)+SUM(F51)-SUM(F52)+SUM(F53)-SUM(F54)+SUM(F55),3),"") -> -53.23 | J56: Net cash flows from (used in) operating activities | R56: =+IF(COUNT(F56),+F56,"") -> -53.23
E57: Cash flows from used in investing activities | J57: Cash flows from used in investing activities [Abstract] | R57: =+IF(COUNT(F57),+F57,"")
E58: Cash flows from losing control of subsidiaries or other businesses | F58: 0 | J58: Cash flows from losing control of subsidiaries or other businesses investing activities | R58: =+IF(COUNT(F58),+F58,"") -> 0
E59: Cash flows used in obtaining control of subsidiaries or other businesses | F59: 0 | J59: Cash flows used in obtaining control of subsidiaries or other businesses investing activities | R59: =+IF(COUNT(F59),+F59,"") -> 0
E60: Other cash receipts from sales of equity or debt instruments of other entities | F60: 0 | J60: Other cash receipts from sales of equity or debt instruments of other entities investing activities | R60: =+IF(COUNT(F60),+F60,"") -> 0
E61: Other cash payments to acquire equity or debt instruments of other entities | F61: 0 | J61: Other cash payments to acquire equity or debt instruments of other entities investing activities | R61: =+IF(COUNT(F61),+F61,"") -> 0
E62: Other cash receipts from sales of interests in joint ventures | F62: 0 | J62: Other cash receipts from sales of interests in joint ventures investing activities | R62: =+IF(COUNT(F62),+F62,"") -> 0
E63: Other cash payments to acquire interests in joint ventures | F63: 0 | J63: Other cash payments to acquire interests in joint ventures investing activities | R63: =+IF(COUNT(F63),+F63,"") -> 0
E64: Cash receipts from share of profits of partnership firm or association of persons or limited liability partnerships | F64: 0 | J64: Cash receipts from share of profits of partnership firm or association of persons or limited liability partnerships | R64: =+IF(COUNT(F64),+F64,"") -> 0
E65: Cash payment for investment in partnership firm or association of persons or limited liability partnerships | F65: 0 | J65: Cash payment for investment in partnership firm or association of persons or limited liability partnerships | R65: =+IF(COUNT(F65),+F65,"") -> 0
E66: Proceeds from sales of property, plant and equipment | F66: 0 | J66: Proceeds from sales of property, plant and equipment investing activities | R66: =+IF(COUNT(F66),+F66,"") -> 0
E67: Purchase of property, plant and equipment | F67: 0 | J67: Purchase of property, plant and equipment investing activities | R67: =+IF(COUNT(F67),+F67,"") -> 0
E68: Proceeds from sales of investment property | F68: 0 | J68: Proceeds from sales of investment property investing activities | R68: =+IF(COUNT(F68),+F68,"") -> 0
E69: Purchase of investment property | F69: 0 | J69: Purchase of investment property investing activities | R69: =+IF(COUNT(F69),+F69,"") -> 0
... E89: Net cash flows from (used in) investing activities | F89: 0 | J89: Net cash flows from (used in) investing activities | R89: =+IF(COUNT(F89),+F89,"") -> 0
E90: Cash flows from used in financing activities | J90: Cash flows from used in financing activities [Abstract] | R90: =+IF(COUNT(F90),+F90,"")
E91: Proceeds from changes in ownership interests in subsidiaries | F91: 0 | J91: Proceeds from changes in ownership interests in subsidiaries | R91: =+IF(COUNT(F91),+F91,"") -> 0
E92: Payments from changes in ownership interests in subsidiaries | F92: 0 | J92: Payments from changes in ownership interests in subsidiaries | R92: =+IF(COUNT(F92),+F92,"") -> 0
E93: Proceeds from issuing shares | F93: 0 | J93: Proceeds from issuing shares financing activities | R93: =+IF(COUNT(F93),+F93,"") -> 0
E94: Proceeds from issuing other equity instruments | F94: 0 | J94: Proceeds from issuing other equity instruments financing activities | R94: =+IF(COUNT(F94),+F94,"") -> 0
E95: Payments to acquire or redeem entity's shares | F95: 0 | J95: Payments to acquire or redeem entity's shares financing activities | R95: =+IF(COUNT(F95),+F95,"") -> 0
E96: Payments of other equity instruments | F96: 0 | J96: Payments of other equity instruments financing activities | R96: =+IF(COUNT(F96),+F96,"") -> 0
E97: Proceeds from exercise of stock options | F97: 0 | J97: Proceeds from exercise of stock options financing activities | R97: =+IF(COUNT(F97),+F97,"") -> 0
E98: Proceeds from issuing debentures notes bonds etc | F98: 0 | J98: Proceeds from issuing debentures notes bonds etc financing activities | R98: =+IF(COUNT(F98),+F98,"") -> 0
E99: Proceeds from borrowings | F99: 13.75 | J99: Proceeds from borrowings financing activities | R99: =+IF(COUNT(F99),+F99,"") -> 13.75
E100: Repayments of borrowings | F100: -39.83 | J100: Repayments of borrowings financing activities | R100: =+IF(COUNT(F100),+F100,"") -> -39.83
E101: Payments of finance lease liabilities | F101: 0 | J101: Payments of finance lease liabilities financing activities | R101: =+IF(COUNT(F101),+F101,"") -> 0
E102: Payments of lease liabilities | F102: 0 | J102: Payments of lease liabilities financing activities | R102: =+IF(COUNT(F102),+F102,"") -> 0
... E106: Other inflows (outflows) of cash | F106: 0 | J106: Other inflows (outflows) of cash financing activities | R106: =+IF(COUNT(F106),+F106,"") -> 0
E107: Net cash flows from (used in) financing activities | F107: =IF(COUNT(F91:F106),ROUND(SUM(F91)-SUM(F92)+SUM(F93)+SUM(F94)-SUM(F95)-SUM(F96)+SUM(F97)+SUM(F98)+SUM(F99)-SUM(F100)-SUM(F101)-SUM(F102)-SUM(F103)-SUM(F104)-SUM(F105)+SUM(F106),3),"") -> 52.96 | J107: Net cash flows from (used in) financing activities | R107: =+IF(COUNT(F107),+F107,"") -> 52.96
E108: Net increase (decrease) in cash and cash equivalents before effect of exchange rate changes | F108: =IF(COUNT(F56:F107),ROUND(SUM(F56)+SUM(F89)+SUM(F107),3),"") -> -0.27 | J108: Net increase (decrease) in cash and cash equivalents before effect of exchange rate changes | R108: =+IF(COUNT(F108),+F108,"") -> -0.27
E109: Effect of exchange rate changes on cash and cash equivalents | J109: Effect of exchange rate changes on cash and cash equivalents [Abstract] | R109: =+IF(COUNT(F109),+F109,"")
E110: Effect of exchange rate changes on cash and cash equivalents | F110: 0 | J110: Effect of exchange rate changes on cash and cash equivalents | R110: =+IF(COUNT(F110),+F110,"") -> 0
E111: Net increase (decrease) in cash and cash equivalents | F111: =IF(COUNT(F108,F110),ROUND(SUM(F108)+SUM(F110),3),"") -> -0.27 | J111: Net increase (decrease) in cash and cash equivalents | R111: =+IF(COUNT(F111),+F111,"") -> -0.27
E112: Cash and cash equivalents cash flow statement at beginning of period | F112: 1.35 | J112: Cash and cash equivalents cash flow statement at beginning of period | R112: =+IF(COUNT(F112),+F112,"") -> 1.35
E113: Cash and cash equivalents cash flow statement at end of period | F113: =IF(COUNT(F111,F112),ROUND(SUM(F111)+SUM(F112),3),"") -> 1.08 | J113: Cash and cash equivalents cash flow statement at end of period | R113: =+IF(COUNT(F113),+F113,"") -> 1.08
